 Dungeon Crawl Stone Soup version 0.18-a0-1454-g5e6cd1e (webtiles) character file.

5222 reallysuckatdis the Nimble (level 10, -4/98 HPs)
             Began as a Troll Berserker on Feb 29, 2016.
             Was a High Priest of Trog.
             Slain by a wight
             ... wielding a cursed +0 hand axe
              (7 damage)
             ... on level 11 of the Dungeon.
             The game lasted 00:34:44 (6407 turns).

reallysuckatdis the Nimble (Troll Berserker)        Turns: 6407, Time: 00:34:44

Health: -4/98      AC:  6    Str: 27    XL:     10   Next: 35%
Magic:  9/9        EV: 12    Int:  3    God:    Trog [*****.]
Gold:   322        SH:  0    Dex: 12    Spells: 0 memorised, 9 levels left

rFire  . . .     SeeInvis .     O - +0 giant spiked club
rCold  . . .     Gourm    +     b - +0 animal skin
rNeg   . . .     Faith    .     (shield currently unavailable)
rPois  .         Spirit   .     (helmet restricted)
rElec  .         Dismiss  .     s - +0 cloak
rCorr  .         Reflect  .     (gloves unavailable)
SustAt .         Harm     .     (boots unavailable)
MR     .....                    (no amulet)
Stlth  +.........               (no ring)
                                (no ring)

@: exhausted, slowed, heavily drained, very slow, not resistant to hostile
enchantments, very unstealthy
A: unfitting armour, claws 3, fast metabolism 3, gourmand, regeneration 2,
shaggy fur 1, tough skin 2
a: Berserk, Trog's Hand, Brothers in Arms, Burn Spellbooks, Renounce Religion


You were on level 11 of the Dungeon.
You worshipped Trog.
Trog was extremely pleased with you.
You were very full.

You visited 1 branch of the dungeon, and saw 10 of its levels.

You collected 322 gold pieces.

Inventory:

Hand Weapons
 a - a +2 mace of protection
 t - a +0 mace
 w - a +1 falchion of electrocution
 x - a +2 hand axe of chopping
 F - the +5 flail of Painful Death {drain, *Noise rElec rC+ Dex+2, unknown}
   (You found it on level 8 of the Dungeon)

   A truly terrible weapon, it drains the life of those it strikes.
   It affects your dexterity (+2).
   It protects you from cold.
   It insulates you from electricity.
   It may make noises in combat.
 I - a +3 flail
 O - a +0 giant spiked club (weapon)
 P - a +1 antimagic glaive
Missiles
 E - 7 tomahawks (quivered)
Armour
 b - a +0 animal skin (worn)
 o - a +0 large shield
 s - a +0 cloak (worn)
Wands
 q - a wand of lightning (8/15)
 y - a wand of random effects (30/48)
 A - a wand of slowing (32/48)
 G - a wand of lightning (10/15)
 L - a wand of lightning (6/15)
 M - a wand of flame (28/48)
Scrolls
 d - a scroll of amnesia {unknown}
 e - a scroll of recharging {unknown}
 f - 3 scrolls of identify
 i - 2 scrolls of enchant weapon {unknown}
 j - 4 scrolls of remove curse
 l - 2 scrolls of immolation {unknown}
 n - 4 scrolls of teleportation {unknown}
 J - a scroll of noise {unknown}
 K - 3 scrolls of random uselessness {unknown}
 Q - a scroll of magic mapping {unknown}
Potions
 g - 4 potions of lignification
 h - a potion of flight {unknown}
 k - 4 potions of agility
 r - a potion of beneficial mutation {unknown}
 u - 3 potions of invisibility {unknown}
 v - a potion of mutation {unknown}
 B - a potion of heal wounds {unknown}
 C - a potion of curing {unknown}
Books
 z - a book of the Tempests

   Spells                             Type                      Level
   a - Static Discharge               Conjuration/Air              3
   b - Lightning Bolt                 Conjuration/Air              5
   c - Fireball                       Conjuration/Fire             5
   d - Tornado                        Air                          9
   e - Shatter                        Earth                        9
   Trog disapproves of the use of such an item.
Comestibles
 c - 8 bread rations
 m - 7 fruits
 p - 4 meat rations
 D - 10 slices of pizza
 H - 2 beef jerkies


   Skills:
 + Level 5.9(4.2) Fighting
 + Level 6.3(4.5) Maces & Flails
 + Level 8.5(6.6) Dodging
 + Level 1.6(0.0) Stealth
 + Level 6.1(4.3) Shields


You had 9 spell levels left.
You didn't know any spells.

Dungeon Overview and Level Annotations

Branches:
Dungeon (11/15)
 Temple: D:4-7         Lair: D:8-11         Orc: D:9-12

Altars:
Cheibriados
Elyvilon
Fedhas
Gozag
Kikubaaqudgha
Nemelex Xobeh
Okawaru

Shops:
D:5 !


Innate Abilities, Weirdness & Mutations

You are too large for most types of armour.
You have claws for hands.
Your metabolism is lightning-fast.
You like to eat raw meat.
You heal very quickly.
You are covered in fur (AC +1).
You have very tough skin (AC +2).


Message History

The wight hits you with a hand axe.
* * * LOW HITPOINT WARNING * * *
You feel drained. The wight hits you with a hand axe.
* * * LOW HITPOINT WARNING * * *
You sock the wight!
The wight is severely damaged.
The wight closely misses you. The wight barely misses you.
You hit the wight.
The wight is almost destroyed.
The wight misses you. The wight hits you with a hand axe.
* * * LOW HITPOINT WARNING * * *
You barely miss the wight.
The wight is almost destroyed.
The wight barely misses you. The wight hits you with a hand axe.
* * * LOW HITPOINT WARNING * * *
You feel drained. The wight hits you but does no damage.
You closely miss the wight.
The wight is almost destroyed.
The wight hits you with a hand axe!
You die...

#############
.(.....@z.<.#
###########.#
.......z#
......###
...Z#. ### #


You could see a wight.

Vanquished Creatures
  The ghost of eastwood6510 the Severer, a novice DDBe of Makhleb (D:10)
  A hill giant (D:10)
  Grinder (D:3)
  Sigmund (D:3)
  A hippogriff (D:10)
  Eustachio (D:4)
  A hog (D:7)
  A human (D:7)
  A soldier ant (D:11)
  A sky beast (D:6)
  An ice beast (D:10)
  An orc warrior (D:6)
  A phantom (D:6)
  2 black bears
  An ogre (D:10)
  2 centaurs (D:8)
  A big kobold (D:10)
  2 giant frogs
  A water moccasin skeleton (D:10)
  2 scorpions
  9 killer bees
  4 wights
  4 howler monkeys (D:8)
  3 crimson imps (D:8)
  A centaur zombie (D:7)
  4 hounds
  2 jellies
  A gnoll shaman (D:8)
  4 orc wizards
  6 orc priests
  Crazy Yiuf (D:3)
  A giant frog skeleton (D:10)
  Terence (D:3)
  An iguana (D:7)
  7 worker ants
  3 sheep (D:7)
  A hound zombie (D:8)
  2 hound skeletons
  A worker ant zombie (D:6)
  4 gnolls (D:8)
  17 adders
  A shadow imp (D:6)
  2 oozes
  A worm (D:3)
  4 dart slugs
  6 giant geckos
  28 orcs
  8 giant cockroaches
  8 goblins
  3 hobgoblins
  18 jackals
  8 kobolds
  3 quokkas
  5 ball pythons
  6 bats
  5 giant newts
  A jackal skeleton (D:4)
  5 rats
  4 fungi (D:3)
217 creatures vanquished.

Notes
Turn   | Place    | Note
--------------------------------------------------------------
     0 | D:1      | reallysuckatdis the Troll Berserker began the quest for the Orb.
     0 | D:1      | Reached XP level 1. HP: 22/22 MP: 0/0
   134 | D:1      | Reached XP level 2. HP: 29/29 MP: 1/1
   302 | D:1      | Found a sparkling altar of Nemelex Xobeh.
   399 | D:1      | Reached ** piety under Trog
   399 | D:1      | Reached XP level 3. HP: 36/36 MP: 2/2
  1004 | D:2      | Reached skill level 3 in Dodging
  1004 | D:2      | Reached XP level 4. HP: 37/45 MP: 3/3
  1126 | D:2      | Found an ancient bone altar of Kikubaaqudgha.
  1641 | D:3      | Reached *** piety under Trog
  1650 | D:3      | Reached XP level 5. HP: 53/53 MP: 4/4
  1757 | D:3      | Found an opulent altar of Gozag.
  1839 | D:3      | Noticed Grinder
  1864 | D:3      | Killed Grinder
  1864 | D:3      | Reached skill level 4 in Dodging
  1864 | D:3      | Reached skill level 1 in Stealth
  1864 | D:3      | Reached XP level 6. HP: 33/62 MP: 5/5
  2192 | D:3      | Noticed Terence
  2197 | D:3      | Noticed Sigmund
  2203 | D:3      | Killed Terence
  2273 | D:3      | Killed Sigmund
  2273 | D:3      | Reached XP level 7. HP: 70/70 MP: 6/6
  2469 | D:3      | Noticed Crazy Yiuf
  2481 | D:3      | Killed Crazy Yiuf
  2608 | D:4      | Noticed Eustachio
  2701 | D:4      | Killed Eustachio
  2701 | D:4      | Reached skill level 5 in Dodging
  2701 | D:4      | Reached skill level 1 in Shields
  2911 | D:5      | Entered Level 5 of the Dungeon
  2994 | D:5      | Found a blossoming altar of Fedhas.
  3089 | D:5      | Reached **** piety under Trog
  3249 | D:5      | Reached XP level 8. HP: 79/79 MP: 7/7
  3379 | D:5      | Found a snail-covered altar of Cheibriados.
  3437 | D:5      | Found Ifiuca's Distillery.
  3901 | D:5      | Reached skill level 5 in Maces & Flails
  3901 | D:5      | Reached skill level 6 in Dodging
  4137 | D:6      | Reached skill level 5 in Fighting
  4407 | D:7      | Found an iron altar of Okawaru.
  4429 | D:7      | Found a white marble altar of Elyvilon.
  4465 | D:7      | Reached XP level 9. HP: 60/88 MP: 8/8
  4761 | D:8      | Got a slimy flail
  4808 | D:8      | Reached skill level 7 in Dodging
  5029 | D:8      | Reached ***** piety under Trog
  5293 | D:8      | Reached skill level 5 in Shields
  5479 | D:8      | You fall through a shaft for 2 floors!
  5479 | D:10     | Entered Level 10 of the Dungeon
  5618 | D:10     | Noticed eastwood6510's ghost (novice DDBe)
  5663 | D:10     | Killed eastwood6510's ghost
  5663 | D:10     | Reached XP level 10. HP: 37/96 MP: 9/9
  5788 | D:10     | Reached skill level 8 in Dodging
  6255 | D:10     | Received a gift from Trog
  6351 | D:10     | Noticed a hill giant
  6359 | D:10     | Killed a hill giant
  6403 | D:11     | HP: 1/98 [wight/hand axe (5)]
  6407 | D:11     | Slain by a wight

Vault maps used:
D:1:      co_arrival_square_in_a_square_in_a_square,
          nemelex_xobeh_ov_fountains_minmay
D:2:      marbit_many_paths, serial_glass, glass_columns_a, glass_columns_a
D:3:      grunt_gozag_statues, mrwooster_statue_mirror, minmay_misc_feat_doors,
          minivault_4, minmay_snake_closets, uniq_grinder, uniq_terence,
          uniq_sigmund, uniq_crazy_yiuf_cottage
D:4:      first_bread, uniq_eustachio
D:5:      cheibriados_altar_wand_db, fedhas_altar_2, serial_shops,
          nicolae_shop_window_shopping, minmay_strange_pillars
D:6:      minmay_temple_entry_nine_rooms, uniq_menkaure, uniq_edmund
D:7:      elyvilon_altar_3, nicolae_overflow_hidden_temple, grunt_livestock,
          minmay_misc_feat_plants, minmay_holes
D:11:     erik_lair_orcish_takeover, minmay_orc_entry_temple_small, uniq_snorg

Skill      XL: |  1  2  3  4  5  6  7  8  9 10 |
---------------+-------------------------------+-----
Maces & Flails | 3 4 5 6 |  6.3
Fighting       | 3 4 5 |  5.9
Dodging        | 3 4 5 6 7 8 |  8.5
Stealth        | 1 |  1.6
Shields        | 1 3 5 6 |  6.1

Action                   |  1- 3 |  4- 6 |  7- 9 | 10-12 || total
-------------------------+-------+-------+-------+-------++-------
Melee: Mace              |   134 |   152 |   723 |    77 ||  1086
       Giant spiked club |       |       |       |    53 ||    53
Invok: Berserk           |     1 |     3 |     7 |     1 ||    12
  Use: Scroll            |       |       |     4 |     1 ||     5
 Stab: Sleeping          |       |     4 |     2 |       ||     6
  Eat: Chunk             |    12 |    14 |    37 |    11 ||    74
       Beef jerky        |     1 |       |       |       ||     1
       Meat ration       |       |       |     1 |       ||     1
